 Dungeon Crawl Stone Soup version 0.29.0-11-gd7f09526c8 (webtiles) character file.

Game seed: 18191958874690453698

3 RascalDebosk the Shield-Bearer (level 1, -2/20 HPs)
             Began as a Minotaur Fighter on Sept 5, 2022.
             Slain by a goblin
             ... wielding a +0 dagger
              (3 damage)
             ... on level 1 of the Dungeon.
             The game lasted 00:00:41 (17 turns).

RascalDebosk the Shield-Bearer (Minotaur Fighter)     Turns: 17, Time: 00:00:42

Health: -2/20      AC:  7    Str: 20    XL:     1   Next: 41%
Magic:  0/0        EV:  9    Int:  5    God:
Gold:   0          SH:  4    Dex:  9    Spells: 0/0 levels left

rFire   . . .      SeeInvis .   a - +0 war axe
rCold   . . .      Faith    .   c - +0 buckler
rNeg    . . .      Spirit   .   b - +0 scale mail
rPois   .          Reflect  .   (helmet restricted)
rElec   .          Harm     .   (no cloak)
rCorr   .          Rampage  .   (no gloves)
Will    .....                   (no boots)
Stlth   ..........              (no amulet)
HPRegen 0.06/turn               (no ring)
MPRegen 0.07/turn               (no ring)

@: no status effects
A: horns 2, retaliatory headbutt
a: no special abilities


You were on level 1 of the Dungeon.
You visited 1 branch of the dungeon, and saw 1 of its levels.

Inventory:

Hand Weapons
 a - a +0 war axe (weapon)
Armour
 b - a +0 scale mail (worn)
 c - a +0 buckler (worn)
Potions
 d - a potion of might


   Skills:
 + Level 3.7 Fighting
 + Level 2.5 Axes
 + Level 3.7 Armour
 + Level 3.7 Shields


You couldn't memorise any spells.
You didn't know any spells.
Your spell library was empty.

Dungeon Overview and Level Annotations

Branches:
Dungeon (1/15)

Altars:


Innate Abilities, Weirdness & Mutations

You have a pair of horns on your head.
You reflexively headbutt those who attack you in melee.


Message History

Your headbutt misses the ball python.
The ball python is severely wounded.
You closely miss the kobold.
You hear an angry hiss.
The ball python bites you. The ball python constricts you.
You block the kobold's attack.
You slash the ball python!
You kill the ball python!
You barely miss the kobold. The kobold hits you but does no damage.
The hobgoblin hits you but does no damage.
The kobold closely misses you.
You closely miss the hobgoblin.
You headbutt the hobgoblin, but do no damage.
You miss the kobold. The hobgoblin hits you. You block the kobold's attack.
You completely miss the hobgoblin. Your headbutt misses the hobgoblin.
You hit the kobold. You block the hobgoblin's attack.
The kobold hits you but does no damage.
You hit the hobgoblin.
The hobgoblin is moderately wounded.
You completely miss the hobgoblin. You barely miss the kobold.
The hobgoblin completely misses you.
The hobgoblin hits you but does no damage.
The kobold hits you but does no damage. The hobgoblin barely misses you.
You furiously retaliate!
You headbutt the hobgoblin. The hobgoblin closely misses you.
The kobold hits you but does no damage.
You barely miss the hobgoblin. Your headbutt misses the hobgoblin.
The hobgoblin is moderately wounded.
You barely miss the kobold. You hit the hobgoblin.
You kill the hobgoblin!
The kobold hits you with a +0 dagger.
You closely miss the goblin. Your headbutt misses the goblin.
You hit the endoplasm. You barely miss the kobold.
You closely miss the hobgoblin.
A ball python comes into view.
The endoplasm hits you.
* * * LOW HITPOINT WARNING * * *
The hobgoblin hits you.
* * * LOW HITPOINT WARNING * * *
The kobold barely misses you. The goblin hits you with a +0 dagger.
You die...

.#.≈≈≈≈≈.#.#..#
#.#≈.<.≈#.#...#
#.≈...≈.#.#.S
#.#≈...≈#.#..#
#.#.~~~~~.#.#.#
#.#.#.#.#.#..
#.#.#.#.#.#.##
#...#....gJ..##..
###......@gg....#
###.....K......
##....##.....
$.....# .....
#....... ..!.
#.......# ....
........# ...
...######


You could see an endoplasm, a hobgoblin, 2 goblins, a ball python and a kobold.

Vanquished Creatures
  An endoplasm (D:1)
  A hobgoblin (D:1)
  A ball python (D:1)
3 creatures vanquished.

Notes
Turn   | Place    | Note
-------+----------+-------------------------------------------
     0 | D:1      | RascalDebosk the Minotaur Fighter began the quest for the
                  | Orb.
     0 | D:1      | Reached XP level 1. HP: 19/19 MP: 0/0
    17 | D:1      | HP: 1/20 [hobgoblin (3)]
    17 | D:1      | Slain by a goblin

Illustrated notes

Levels and vault maps discovered:
D:1:      ncdulo_watergridlock, layout_rooms,
          hellmonk_ecumenical_altar_lost_god, minmay_pentomino_o2

Action                   || total
-------------------------++-------
Melee: War axe           ||    11
       Headbutt          ||     1
Armor: Scale mail        ||    10
Dodge: Dodged            ||     8
Block: Buckler           ||     5
